 Dungeon Crawl Stone Soup version 0.28-a0-793-g31680bbd8b (webtiles) character file.

Game seed: 9492708229996268123

1025 ytrimaz the Skirmisher (level 8, -4/62 HPs)
             Began as a Demonspawn Fighter on Nov 3, 2021.
             Was a Believer of Okawaru.
             Slain by Edmund (6 damage)
             ... on level 5 of the Dungeon.
             The game lasted 00:07:01 (5156 turns).

ytrimaz the Skirmisher (Demonspawn Fighter)         Turns: 5156, Time: 00:07:01

Health: -4/62      AC:  9    Str: 19    XL:     8   Next: 2%
Magic:  11/11      EV: 12    Int:  9    God:    Okawaru [**....]
Gold:   143        SH: 10    Dex: 19    Spells: 7/7 levels left

rFire   . . .      SeeInvis .   a - +1 rapier
rCold   . . .      Faith    .   c - +0 buckler
rNeg    . . .      Spirit   .   b - +1 scale mail
rPois   .          Reflect  .   u - +0 helmet
rElec   .          Harm     .   (no cloak)
rCorr   +          Rampage  .   (no gloves)
Will    .....                   (no boots)
Stlth   ..........              (no amulet)
HPRegen 0.20/turn               f - +6 ring of dexterity
MPRegen 0.12/turn               r - ring of resist corrosion

@: brilliant, lethally poisoned (-4 -> -26), flying, hasted, very quick
A: hooves 2, large bone plates 1, foul stench 1, powered by pain 2
a: Renounce Religion, Heroism


You were on level 5 of the Dungeon.
You worshipped Okawaru.
Okawaru was pleased with you.
You visited 2 branches of the dungeon, and saw 6 of its levels.

You collected 143 gold pieces.

Inventory:

Hand Weapons
 a - a +1 rapier (weapon)
 t - a +0 dagger of venom
Armour
 b - a +1 scale mail (worn)
 c - a +0 buckler (worn)
 u - a +0 helmet (worn)
Jewellery
 f - a +6 ring of dexterity (left hand)
 r - a ring of resist corrosion (right hand)
Wands
 p - a wand of polymorph (5)
Scrolls
 e - a scroll of teleportation
 g - 3 scrolls of magic mapping
 j - 2 scrolls of fear
 o - a scroll of enchant weapon
 s - 2 scrolls of fog
Potions
 i - a potion of haste


   Skills:
 + Level 5.0 Fighting
 - Level 1.7 Short Blades
 + Level 4.9 Armour
 * Level 4.2 Dodging
 - Level 4.0 Shields
 - Level 0.3 Spellcasting
 * Level 4.6 Invocations


You had 7 spell levels left.
You didn't know any spells.
Your spell library contained the following spells:

 Spells                   Type           Power      Damage    Failure   Level
 Foxfire                  Conj/Fire      0%         2x1d4     73%         1
 Conjure Flame            Conj/Fire      0%         6-21      97%         3
 Inner Flame              Hex/Fire       0%         N/A       97%         3
 Flame Wave               Conj/Fire      0%         3d3       100%        4


Dungeon Overview and Level Annotations

Branches:
Dungeon (5/15)             Temple (1/1) D:4

Altars:
Ashenzari
Cheibriados
Dithmenos
Fedhas
Hepliaklqana
Kikubaaqudgha
Makhleb
Nemelex Xobeh
Okawaru
Qazlal
Ru
Trog
Uskayaw
Vehumet
Wu Jian
Yredelemnul
The Shining One

Annotations:
D:5 Edmund


Innate Abilities, Weirdness & Mutations

You have hoof-like feet.
You are partially covered in large bone plates. (SH +4)
You may rarely emit foul miasma when damaged in melee.
You sometimes gain power by taking damage.


Message History

You fly up into the air.
* * * LOW HITPOINT WARNING * * *
You feel very sick. Edmund barely misses you.
It was a potion of heal wounds.
You feel much better.
You feel very sick. You block Edmund's attack.
You feel yourself speed up.
You feel very sick.
Edmund hits you with a +6 flail of venom.
You are lethally poisoned!
You closely miss Edmund.
Edmund is severely wounded.
You feel very sick. Edmund barely misses you.
It was a potion of brilliance.
You feel clever all of a sudden.
* * * LOW HITPOINT WARNING * * *
You feel very sick. You block Edmund's attack.
Unknown command.
You barely miss Edmund. Your kick misses Edmund.
Edmund is severely wounded.
* * * LOW HITPOINT WARNING * * *
You feel very sick.
You hit Edmund.
Edmund is severely wounded.
* * * LOW HITPOINT WARNING * * *
You feel very sick.
Edmund gestures with his flail.
Edmund hits you with a +6 flail of venom.
* * * LOW HITPOINT WARNING * * *
You are more poisoned.
You barely miss Edmund. You kick Edmund.
Edmund is almost dead.
* * * LOW HITPOINT WARNING * * *
You feel very sick.
A hound comes into view.
Edmund hits you with a +6 flail of venom.
You die...

##..#........
##............
#..........<..
#.............
###.............
##...............
.................
#.(.....@@.......
.#####[.........
#...........
#...#....<...
.?..##........
#?.$# #........
#..?. #.......h
#...#. #........
...### ....


You could see Edmund and a hound (wandering).

Vanquished Creatures
  3 ogres (D:4)
  A necrophage (D:4)
  3 scorpions
  A wight (D:5)
  2 centaur zombies
  A centaur skeleton (D:5)
  A jelly (D:4)
  Jessica (D:3)
  A scorpion zombie (D:5)
  An iguana (D:4)
  2 orc wizards (D:4)
  A killer bee zombie (D:4)
  Robin (D:4)
  5 adders
  An ufetubus (D:4)
  An adder skeleton (D:4)
  7 worms
  2 dart slugs (D:1)
  3 orcs (D:4)
  9 bats
  7 endoplasms
  5 giant cockroaches
  18 goblins
  12 hobgoblins
  5 jackals
  11 kobolds
  2 quokkas (D:3)
  5 ball pythons
  A frilled lizard (D:1)
  8 rats
121 creatures vanquished.

Notes
Turn   | Place    | Note
-------+----------+-------------------------------------------
     0 | D:1      | ytrimaz the Demonspawn Fighter began the quest for the Orb.
     0 | D:1      | Reached XP level 1. HP: 18/18 MP: 1/1
    76 | D:1      | Gained mutation: You sometimes gain a little power by
                  | taking damage. [demonic ancestry]
    76 | D:1      | Reached XP level 2. HP: 22/24 MP: 2/2
   300 | D:1      | Reached XP level 3. HP: 9/29 MP: 3/3
   538 | D:1      | Found a faded altar of an unknown god.
   552 | D:1      | Prayed at the altar of an unknown god.
   552 | D:1      | Became a worshipper of Warmaster Okawaru
   552 | D:1      | Reached * piety under Okawaru
   919 | D:2      | Reached skill level 1 in Dodging
  1242 | D:3      | Reached skill level 1 in Invocations
  1533 | D:3      | Noticed Jessica
  1553 | D:3      | Killed Jessica
  1554 | D:3      | Gained mutation: You sometimes gain power by taking damage.
                  | [demonic ancestry]
  1554 | D:3      | Reached XP level 4. HP: 22/35 MP: 3/5
  2526 | D:3      | Found a broken altar of Ashenzari.
  2713 | D:3      | Gained mutation: You have large cloven feet. [demonic
                  | ancestry]
  2713 | D:3      | Reached XP level 5. HP: 39/42 MP: 6/6
  2868 | D:3      | Found a burning altar of Makhleb.
  3331 | D:4      | Noticed an ogre
  3341 | D:4      | Killed an ogre
  3342 | D:4      | Reached skill level 4 in Fighting
  3342 | D:4      | Gained mutation: You are partially covered in large bone
                  | plates. (SH +4) [demonic ancestry]
  3342 | D:4      | Reached XP level 6. HP: 45/48 MP: 7/7
  3382 | D:4      | Found a staircase to the Ecumenical Temple.
  3453 | D:4      | Found a stormy altar of Qazlal.
  3454 | D:4      | Noticed a water elemental
  3456 | D:4      | Noticed an air elemental
  3456 | D:4      | Noticed a fire elemental
  3509 | D:4      | Reached ** piety under Okawaru
  3514 | D:4      | Gained mutation: You may rarely emit foul miasma when
                  | damaged in melee. [demonic ancestry]
  3514 | D:4      | Reached XP level 7. HP: 27/55 MP: 7/9
  3688 | D:4      | Noticed Robin
  3730 | D:4      | Killed Robin
  3907 | Temple   | Entered the Ecumenical Temple
  4260 | D:5      | Entered Level 5 of the Dungeon
  5076 | D:5      | Noticed Edmund
  5078 | D:5      | Reached skill level 5 in Fighting
  5078 | D:5      | Gained mutation: You have hoof-like feet. [demonic
                  | ancestry]
  5078 | D:5      | Reached XP level 8. HP: 50/62 MP: 11/11
  5156 | D:5      | HP: 2/62 [poisoned by Edmund]
  5156 | D:5      | Slain by Edmund

Illustrated notes

Levels and vault maps discovered:
D:1:      dpeg_arrival_round_b, layout_rooms,
          dreamdust_ecumenical_altar_angels_and_demons
D:2:      kennysheep_big_flooded_room, layout_rooms, minmay_tall_x
D:3:      layout_loops_ring, bloody_makhleb, mainiacjoe_overflow_catwalk,
          uniq_jessica
D:4:      layout_rooms, nicolae_qazlal_style_of_elements,
          minmay_temple_entry_arrows, uniq_robin
D:5:      layout_layer_cave, jmf_multi_god_temple, dk_noncrumbling_4,
          minmay_circle_x, uniq_edmund, uniq_prince_ribbit1, uniq_grinder
Temple:   eino_narrow_crystal_temple

Skill      XL: |  1  2  3  4  5  6  7 |
---------------+----------------------+-----
Armour         | 3 4 |  4.9
Shields        | 3 4 |  4.0
Dodging        | 1 2 3 4 |  4.2
Invocations    | 1 2 3 4 |  4.6
Fighting       | 4 5 |  5.0
Short Blades   | |  1.7
Spellcasting   | |  0.3

Action                   |  1- 3 |  4- 6 |  7- 9 || total
-------------------------+-------+-------+-------++-------
Melee: Rapier            |   159 |   146 |   102 ||   407
       Kick              |       |    23 |    53 ||    76
       Dagger            |       |       |    27 ||    27
Throw: Throwing net      |     1 |       |     1 ||     2
Invok: Heroism           |       |     1 |     2 ||     3
  Use: Scroll            |     1 |     7 |     4 ||    12
       Potion            |       |     1 |     4 ||     5
Armor: Scale mail        |    91 |    66 |    69 ||   226
Dodge: Dodged            |    92 |    71 |    83 ||   246
Block: Buckler           |    32 |    50 |    88 ||   170

Table legend: (Time is in decaauts)
 A = Elapsed time spent in this place.
 B = Non-inter-level travel time spent in this place.
 C = Inter-level travel time spent in this place.
 D = Time resting spent in this place.
 E = Time spent auto-exploring this place.
 F = Levels seen in this place.
 G = Mean time per level.
                   A        B        C        D        E       F      G
               +--------+--------+--------+--------+--------+-----+--------+
         Total |   5199 |   5100 |     99 |   1704 |   2370 |   6 |  866.5 |
       Dungeon |   5035 |   4945 |     90 |   1704 |   2223 |   5 | 1007.0 |
        Temple |    163 |    154 |      9 |      0 |    147 |   1 |  163.0 |
               +--------+--------+--------+--------+--------+-----+--------+

Top non-repeatable levels by time:
     D:4: 1888 daAuts
     D:2: 1126 daAuts
     D:3: 1100 daAuts
     D:1: 855 daAuts
  Temple: 163 daAuts
     D:5: 65 daAuts
